 Dungeon Crawl Stone Soup version 0.22.1-6-g1668fe2 (webtiles) character file.

56 Gingerlord the Charlatan (level 4, -1/28 HPs)
             Began as a Halfling Artificer on Jan 26, 2019.
             Slain by Jessica
             ... wielding a +0 club
              (5 damage)
             ... on level 2 of the Dungeon.
             The game lasted 00:03:24 (1747 turns).

Gingerlord the Charlatan (Halfling Artificer)       Turns: 1747, Time: 00:03:25

Health: -1/28      AC:  3    Str: 14    XL:     4   Next: 15%
Magic:  6/6        EV: 15    Int:  9    God:
Gold:   20         SH:  0    Dex: 14    Spells: 3/3 levels left

rFire    . . .     SeeInvis .   a - +0 short sword
rCold    . . .     Gourm    .   (shield restricted)
rNeg     . . .     Faith    .   b - +0 leather armour
rPois    .         Spirit   .   (no helmet)
rElec    .         Reflect  .   (no cloak)
rCorr    .         Harm     .   (no gloves)
MR       .....                  (no boots)
Stlth    +.........             (no amulet)
HPRegen  0.09/turn              (no ring)
MPRegen  0.10/turn              (no ring)

@: no status effects
A: small, mutation resistance 1
a: no special abilities


You were on level 2 of the Dungeon.
You were hungry.

You visited 1 branch of the dungeon, and saw 2 of its levels.

You collected 20 gold pieces.

Inventory:

Hand Weapons
 a - a +0 short sword (weapon)
Armour
 b - a +0 leather armour (worn)
Wands
 c - a wand of flame (12)
 d - a wand of enslavement (9)
 e - a wand of random effects (14)
Scrolls
 g - 2 scrolls of identify {unknown}
 i - a scroll of amnesia {unknown}
 k - a scroll of fog {unknown}
Potions
 j - a potion of lignification {unknown}
Comestibles
 f - a ration


   Skills:
 + Level 1.6 Fighting
 + Level 2.1 Short Blades
 + Level 1.4 Armour
 + Level 2.8 Dodging
 - Level 1.1 Stealth
 + Level 3.3 Evocations


You had 3 spell levels left.
You didn't know any spells.
Your spell library was empty.

Dungeon Overview and Level Annotations

Branches:
Dungeon (2/15)

Altars:
Ashenzari

Annotations:
D:2 Jessica, Sigmund


Innate Abilities, Weirdness & Mutations

You are small and have problems with some larger weapons.
You are somewhat resistant to further mutation.


Message History

Jessica is moderately wounded.
Jessica mumbles some strange words.
Jessica seems to speed up.
You closely miss Jessica.
Jessica is moderately wounded.
Jessica gestures at you while chanting. Pain shoots through your body!
Jessica misses you.
You closely miss Jessica.
Jessica is moderately wounded.
Jessica misses you.
You closely miss Jessica.
Jessica is moderately wounded.
Jessica hits you with a club.
* * * LOW HITPOINT WARNING * * *
Jessica casts a spell.
Jessica blinks!
Jessica mumbles some strange words.
Jessica blinks!
Jessica barely misses you. Jessica hits you with a club.
You die...

#.......# #......##
..#####.......# #.............#
#### ######.#.....# ##... .
#.._..<..## ##.... ... #.#.#....#
#..... .....####...####.## #.....
.........§@.####..# #.....
..$.......####.@..§###.#####....
...........##...##...##..........
..... ...........##..............
#... #.#.#.#.#.........##......
#.. ....................#......
..# ..#.#.#.#.#.#......##.#.#....
..##.................#.##....#...
..#............($....#.##..8..###


You could see Jessica.

Vanquished Creatures
  2 gnolls (D:2)
  A dart slug (D:1)
  4 leopard geckos (D:1)
  5 bats
  A giant cockroach (D:1)
  3 hobgoblins
  2 kobolds (D:1)
  A frilled lizard (D:1)
  2 goblins (D:1)
  2 rats
23 creatures vanquished.

Vanquished Creatures (collateral kills)
  A gnoll (D:2)
  A dart slug (D:1)
2 creatures vanquished.

Vanquished Creatures (others)
  A gnoll (D:2)
  A leopard gecko (D:2)
  A bat (D:1)
3 creatures vanquished.

Grand Total: 28 creatures vanquished

Notes
Turn   | Place    | Note
-------+----------+-------------------------------------------
     0 | D:1      | Gingerlord the Halfling Artificer began the quest for the
                  | Orb.
     0 | D:1      | Reached XP level 1. HP: 12/12 MP: 3/3
    48 | D:1      | Reached skill level 1 in Fighting
   132 | D:1      | Reached XP level 2. HP: 7/18 MP: 4/4
   971 | D:1      | Reached skill level 1 in Armour
   971 | D:1      | Reached XP level 3. HP: 13/23 MP: 5/5
  1498 | D:2      | Noticed Sigmund
  1578 | D:2      | Reached XP level 4. HP: 18/28 MP: 6/6
  1706 | D:2      | Found a shattered altar of Ashenzari.
  1726 | D:2      | Noticed Jessica
  1747 | D:2      | Slain by Jessica

Skill      XL: |  1  2  3 |
---------------+----------+-----
Fighting       | 1 |  1.6
Armour         | 1 |  1.4
Short Blades   | 2 |  2.1
Dodging        | |  2.8
Stealth        | |  1.1
Evocations     | |  3.3

Action                   |  1- 3 |  4- 6 || total
-------------------------+-------+-------++-------
Melee: Short sword       |    78 |    13 ||    91
Evoke: Wand              |    10 |       ||    10
  Use: Potion            |     1 |       ||     1
 Stab: Sleeping          |     2 |       ||     2
  Eat: Chunk             |     1 |     1 ||     2
Armor: Leather armour    |    22 |     1 ||    23
Dodge: Dodged            |    66 |     8 ||    74
